[Event "Titled Tuesday Blitz November 01 Late 2022"]
[White "Brown, Andrew"]
[Black "Djokic, Mihailo"]
[WhiteFideId "3206513"]
[BlackFideId "976440"]
[WhiteElo "2245"]
[BlackElo "2315"]
[Result "1/2-1/2"]
[Round "03"]
[TimeControl "180+1"]
[Date "2022.11.02"]
[WhiteClock "0:00:04"]
[BlackClock "0:00:05"]

1. d4 Nf6 2. c4 g6 3. Nc3 Bg7 4. e4 d6 5. Be2 O-O 6. h4 h5 7. Bg5 Nc6 8. d5 Ne5 9. f3 a5 10. Nh3 c6 11. Nf2 cxd5 12. cxd5 Qb6 13. Qd2 Bd7 14. Be3 Qb4 15. a3 Qb3 16. Rc1 Nc4 17. Bxc4 Qxc4 18. Qe2 Qxe2+ 19. Kxe2 Rfc8 20. a4 e6 21. dxe6 Bxe6 22. Nd3 d5 23. e5 Nd7 24. f4 f6 25. Nb5 fxe5 26. fxe5 Nxe5 27. Nxe5 Bxe5 28. Bd4 Bg4+ 29. Kd2 Bf4+ 30. Be3 Bxe3+ 31. Kxe3 Rxc1 32. Rxc1 Re8+ 33. Kf4 Re4+ 34. Kg5 Bf5 35. Rc7 Rxa4 36. Kf6 Re4 37. Rxb7 Re6+ 38. Kg5 Re2 39. Nd6 Bg4 40. Rb8+ Kg7 41. Rb7+ Kf8 42. Rb8+ Ke7 43. Nc8+ Bxc8 44. Rxc8 Rxg2+ 45. Kh6 Rxb2 46. Rc5 d4 47. Rd5 Rd2 48. Kxg6 a4 49. Kxh5 a3 50. Ra5 a2 51. Kg6 Kd6 52. h5 Rh2 53. h6 d3 54. Ra3 Rg2+ 55. Kf5 Kc5 56. h7 Rh2 57. Kg6 Kc4 58. Rxa2 Rxa2 59. h8=Q Ra6+ 60. Kf5 Rd6 61. Qg8+ Kc3 62. Qg7+ Kb3 63. Qb7+ Ka4 64. Qa7+ Kb5 65. Qb8+ Kc6 66. Qa8+ Kd7 67. Qa4+ Kc7 68. Qc4+ Kd7 69. Qb5+ Kc7 70. Qc5+ Kd7 71. Qa7+ Kc6 72. Ke5 Rd5+ 73. Ke4 Rd7 74. Qa6+ Kc7 75. Qc4+ Kb6 76. Qb4+ Kc6 77. Qd2 Kc5 78. Qc3+ Kb6 79. Qd2 Re7+ 80. Kd5 Rd7+ 81. Kc4 Rc7+ 82. Kb4 Rd7 83. Kc4 Rc7+ 84. Kb3 Rd7 85. Kc3 Kc5 86. Qg5+ Kc6 87. Kd2 Rd6 88. Qe7 Rd7 89. Qe4+ Kc7 90. Qc4+ Kd8 91. Qc6 Ke7 92. Qc8 Rd6 93. Qg8 Kd7 94. Qf7+ Kc6 95. Qf3+ Kd7 96. Qb7+ Ke6 97. Qc8+ Ke7 98. Qh3 Kd8 99. Qh4+ Kc7 100. Qe4 Rd7 101. Qc4+ Kd8 102. Qb4 Kc7 103. Qb3 Rd6 104. Qc4+ Kd7 105. Qf7+ Kc6 106. Qf1 Rd5 107. Qf8 Rd7 108. Qc8+ Rc7 109. Qa6+ 1/2-1/2


[Site "https://www.chess.com"]

[Event "Titled Tuesday Blitz November 01 Late 2022"]
[White "Buchenau, Frank"]
[Black "Diaz Rosas, Julio Cesar"]
[WhiteFideId "4604350"]
[BlackFideId "5105099"]
[WhiteElo "2157"]
[BlackElo "2246"]
[Result "0-1"]
[Round "03"]
[TimeControl "180+1"]
[Date "2022.11.02"]
[WhiteClock "0:00:30"]
[BlackClock "0:00:13"]

1. e4 c5 2. Nf3 d6 3. Bb5+ Nd7 4. O-O a6 5. Bd3 Ngf6 6. Re1 e6 7. c3 g5 8. Nxg5 Rg8 9. Nf3 Ne5 10. Nxe5 dxe5 11. Bf1 Ng4 12. h3 Nxf2 13. Kxf2 c4 14. d4 cxd3 15. Kg1 Bc5+ 16. Be3 Qb6 17. Bxc5 Qxc5+ 18. Kh1 Bd7 19. Nd2 Bc6 20. Nb3 Qf2 21. Qd2 Qh4 22. Qxd3 Rg3 23. Qc2 O-O-O 24. Na5 Bb5 25. Bxb5 axb5 26. Rad1 Rdg8 27. Re2 Rxh3+ 28. gxh3 Qxh3+ 29. Rh2 Qf3+ 30. Rg2 Rg4 31. Kg1 Rh4 32. Rf1 Qh3 33. Rh2 Rg4+ 34. Kh1 Qxf1# 0-1


[Site "https://www.chess.com"]

[Event "Titled Tuesday Blitz November 01 Late 2022"]
[White "Budisavljevic, Luka"]
[Black "Voigt, Martin"]
[WhiteFideId "960047"]
[BlackFideId "4607228"]
[WhiteElo "2424"]
[BlackElo "2356"]
[Result "1-0"]
[Round "03"]
[TimeControl "180+1"]
[Date "2022.11.02"]
[WhiteClock "0:00:08"]
[BlackClock "0:00:01"]

1. c4 e5 2. Nc3 Nc6 3. e3 Nf6 4. Nf3 d5 5. cxd5 Nxd5 6. Bb5 Nxc3 7. bxc3 Bd6 8. d4 exd4 9. cxd4 O-O 10. O-O Bg4 11. h3 Bh5 12. Bb2 Qf6 13. Rb1 Ne7 14. Be2 Bg6 15. Bd3 Qe6 16. Re1 Qxa2 17. e4 c6 18. Re2 Qa5 19. Bc4 b5 20. Bb3 Rfe8 21. Nh4 Rad8 22. d5 cxd5 23. Qd4 f6 24. Nxg6 Nxg6 25. Qxd5+ Kh8 26. g3 Bxg3 27. Qf5 Be5 28. Bf7 Nf4 29. Re3 Re7 30. Bxe5 Rxe5 31. Qxf4 Qd2 32. Bd5 b4 33. Rf3 Rg5+ 34. Kh2 Qxf4+ 35. Rxf4 a5 36. Rf3 h5 37. Rfb3 Rb8 38. Ra1 Rb5 39. f4 Rg6 40. Bf7 Rh6 41. f5 h4 42. Kg2 g5 43. fxg6 Kg7 44. Kf3 Rhh5 45. Kf4 Rhg5 46. Rd1 Rb7 47. Rd8 a4 48. Rbd3 a3 49. Rg8+ Kh6 50. Rh8+ Kg7 51. Rh7+ Kf8 52. Rd8+ Ke7 53. Rd5 Rb8 54. Rxg5 fxg5+ 55. Kxg5 b3 56. Bxb3+ Kd6 57. Ba2 Ke5 58. Re7+ Kd6 59. Kf6 Rf8+ 60. Rf7 1-0


[Site "https://www.chess.com"]

[Event "Titled Tuesday Blitz November 01 Late 2022"]
[White "Burcu, Cagatay"]
[Black "Sjugirov, Sanan"]
[WhiteFideId "6310630"]
[BlackFideId "4189302"]
[WhiteElo "2231"]
[BlackElo "2609"]
[Result "0-1"]
[Round "03"]
[TimeControl "180+1"]
[Date "2022.11.01"]
[WhiteClock "0:00:17"]
[BlackClock "0:00:24"]

1. d4 d5 2. Bf4 e6 3. Nf3 c5 4. e3 Qb6 5. Nc3 c4 6. Qd2 Nf6 7. Be2 Bb4 8. O-O Ne4 9. Qe1 Qa5 10. Ne5 Nxc3 11. bxc3 Bxc3 12. Qd1 Bxa1 13. Qxa1 Nd7 14. e4 Nxe5 15. Bxe5 O-O 16. exd5 exd5 17. Qc1 f6 18. Bd6 Re8 19. Bh5 Re6 20. Qf4 Qd8 21. Bc7 Qe7 22. Bf3 Re1 23. Bxd5+ Kh8 24. h3 Rxf1+ 25. Kxf1 Bd7 26. Bd6 Qe8 27. Bxb7 Bc6 28. Bxa8 Qxa8 29. f3 Qe8 30. Bc5 a6 31. Qf5 h6 32. d5 Bd7 33. Qe4 Qc8 34. Bd4 c3 35. Qd3 Bb5 36. Kf2 Bxd3 37. cxd3 c2 0-1


[Site "https://www.chess.com"]

[Event "Titled Tuesday Blitz November 01 Late 2022"]
[White "Castella Garcia, Fausto"]
[Black "Coelho, Ramyres Santana"]
[WhiteFideId "3501922"]
[BlackFideId "2120690"]
[WhiteElo "2246"]
[BlackElo "1888"]
[Result "1-0"]
[Round "03"]
[TimeControl "180+1"]
[Date "2022.11.02"]
[WhiteClock "0:00:41"]
[BlackClock "0:00:04"]

1. e4 c5 2. Nf3 d6 3. d4 cxd4 4. Nxd4 Nf6 5. Nc3 a6 6. Bg5 e6 7. f4 Qb6 8. Qd2 Qxb2 9. Nb3 Be7 10. Bxf6 Bxf6 11. Na4 Qa3 12. Nb6 Bxa1 13. Nxa1 Qxa2 14. Nb3 Nd7 15. Nxa8 O-O 16. Bd3 Nf6 17. Nb6 Qb1+ 18. Qc1 Qa2 19. Nxc8 Rxc8 20. O-O d5 21. e5 Ng4 22. h3 Nh6 23. Qa1 Qxa1 24. Rxa1 Kh8 25. g4 Ng8 26. Nd4 Ne7 27. f5 Nc6 28. Nxc6 Rxc6 29. Kf2 g6 30. f6 h6 31. h4 Kh7 32. Ke3 Kh8 33. Kd4 Rb6 34. c3 Rb2 35. Rb1 Rxb1 36. Bxb1 Kg8 37. Kc5 g5 38. hxg5 hxg5 39. Kb6 a5 40. Kxb7 a4 41. Kc6 a3 42. Ba2 Kh7 43. Kd6 Kg6 44. Ke7 d4 45. cxd4 Kh6 46. Kxf7 Kh7 47. Kxe6 Kg6 48. f7 Kg7 49. Ke7 Kh7 50. f8=Q Kg6 51. Qf6+ Kh7 52. Qxg5 Kh8 53. Kf6 Kh7 54. Qg7# 1-0


[Site "https://www.chess.com"]

[Event "Titled Tuesday Blitz November 01 Late 2022"]
[White "ChessBrah"]
[Black "Leiva, Gianmarco"]
[BlackFideId "3804399"]
[WhiteElo "2905"]
[BlackElo "2285"]
[Result "1-0"]
[Round "03"]
[TimeControl "180+1"]
[Date "2022.11.01"]
[WhiteClock "0:01:08"]
[BlackClock "0:00:03"]

1. d4 Nf6 2. c4 e6 3. Nf3 d5 4. Nc3 Be7 5. Bg5 h6 6. Bh4 O-O 7. e3 b6 8. Bxf6 Bxf6 9. cxd5 exd5 10. Rc1 Be6 11. Be2 c5 12. O-O Qd6 13. dxc5 bxc5 14. Ne4 Qe7 15. Nxf6+ Qxf6 16. Rxc5 Qxb2 17. Rc2 Qf6 18. Qd4 Nd7 19. Rfc1 Rfd8 20. Rc7 a5 21. a4 Rab8 22. Bb5 Qxd4 23. Nxd4 Ne5 24. f4 Nc4 25. f5 Bc8 26. Nc6 Bxf5 27. Ne7+ 1-0


[Site "https://www.chess.com"]

[Event "Titled Tuesday Blitz November 01 Late 2022"]
[White "Chigaev, Maksim"]
[Black "Weetik, Vjacheslav"]
[WhiteFideId "4108116"]
[BlackFideId "4153472"]
[WhiteElo "2537"]
[BlackElo "2469"]
[Result "1-0"]
[Round "03"]
[TimeControl "180+1"]
[Date "2022.11.01"]
[WhiteClock "0:00:05"]
[BlackClock "0:00:01"]

1. Nf3 Nf6 2. c4 g6 3. Nc3 Bg7 4. e4 d6 5. d4 O-O 6. Be2 e5 7. O-O Nc6 8. d5 Ne7 9. b4 Nh5 10. Re1 Nf4 11. Bf1 a5 12. bxa5 Rxa5 13. a4 c5 14. Ra3 Ra6 15. Nb5 Nh5 16. Bd3 Kh8 17. Bc2 Ng8 18. Bg5 Bf6 19. Bd2 Bg7 20. g3 Bg4 21. Qc1 f5 22. exf5 gxf5 23. Ng5 f4 24. Ne6 Bxe6 25. dxe6 Qe7 26. Qd1 Nhf6 27. Bf5 Nh6 28. Bh3 Ne8 29. Bc1 Nf5 30. gxf4 Nd4 31. fxe5 dxe5 32. Rg3 Rxe6 33. Nxd4 cxd4 34. Bxe6 Qxe6 35. Qxd4 Nd6 36. Rxg7 Nf5 37. Qxe5 Qxe5 38. Rxh7+ Kxh7 39. Rxe5 Kg6 40. Be3 Rd8 41. Kg2 Nh4+ 42. Kg3 Nf5+ 43. Kg4 Nd6 44. Rd5 Kf7 45. Bg5 Rd7 46. Bf4 Ke6 47. Rxd6+ 1-0


[Site "https://www.chess.com"]

[Event "Titled Tuesday Blitz November 01 Late 2022"]
[White "Chojnacki, Slawomir"]
[Black "Gunduz, Umut Erdem"]
[WhiteFideId "1117076"]
[BlackFideId "6381383"]
[WhiteElo "2096"]
[BlackElo "2182"]
[Result "1-0"]
[Round "03"]
[TimeControl "180+1"]
[Date "2022.11.02"]
[WhiteClock "0:00:36"]
[BlackClock "0:00:03"]

1. d4 Nf6 2. Nf3 c5 3. c3 cxd4 4. cxd4 g6 5. Nc3 d5 6. Bg5 Bg7 7. Qb3 e6 8. Qa3 Nc6 9. e3 h6 10. Bh4 g5 11. Bg3 Bf8 12. Qb3 Bb4 13. Bb5 O-O 14. h4 g4 15. Ne5 Bxc3+ 16. bxc3 Bd7 17. h5 Na5 18. Qa4 Bxb5 19. Qxb5 Ne4 20. Bh4 Qc7 21. O-O f5 22. Ng6 Rf7 23. Nf4 a6 24. Qd3 Re8 25. Rfc1 Qc4 26. Qb1 b5 27. a4 Nb3 28. axb5 axb5 29. Ra6 Nxc1 30. Qxc1 Nxc3 31. Kh2 b4 32. Rxe6 Rxe6 33. Nxe6 b3 34. e4 Ne2 35. Qxh6 Qc1 36. Qg6+ Kh8 37. Bf6+ Rxf6 38. Qxf6+ Kh7 39. Qg7# 1-0


[Site "https://www.chess.com"]

[Event "Titled Tuesday Blitz November 01 Late 2022"]
[White "Clawitter, Craig"]
[Black "Kanyamarala, Trisha"]
[WhiteFideId "2023105"]
[BlackFideId "45004722"]
[WhiteElo "2319"]
[BlackElo "2099"]
[Result "1/2-1/2"]
[Round "03"]
[TimeControl "180+1"]
[Date "2022.11.02"]
[WhiteClock "0:00:05"]
[BlackClock "0:00:19"]

1. e4 c5 2. Nf3 d6 3. d4 cxd4 4. Nxd4 Nf6 5. Nc3 e6 6. g4 h6 7. h4 Nc6 8. Rg1 d5 9. g5 Nxe4 10. Nxe4 dxe4 11. Nxc6 Qxd1+ 12. Kxd1 bxc6 13. Bg2 hxg5 14. Bxe4 Bb7 15. hxg5 Bc5 16. Ke2 Rh2 17. Be3 Ba6+ 18. Kf3 Bxe3 19. Bxc6+ Ke7 20. Bxa8 Bxf2 21. Rg2 Rxg2 22. Kxg2 Be3 23. g6 f5 24. Kf3 f4 25. Be4 e5 26. b3 Bc8 27. Rd1 Bd4 28. Rd3 Ba6 29. c4 Kd6 30. Bd5 Bc8 31. b4 Bf5 32. Rxd4 exd4 33. Kxf4 Bb1 34. Be4 Bxa2 35. c5+ Ke6 36. Bf5+ Ke7 37. Ke5 Bc4 38. Kxd4 Bf1 39. Bd3 Bg2 40. b5 Kd7 41. Be4 Bf1 42. Bc6+ Kc7 43. Ke5 Bc4 44. Kd4 Bf1 45. Be8 Be2 46. b6+ axb6 47. cxb6+ Kxb6 48. Ke5 Bh5 49. Ke6 Bxg6 50. Bxg6 Kc5 51. Kf7 Kd4 52. Kxg7 1/2-1/2


[Site "https://www.chess.com"]

[Event "Titled Tuesday Blitz November 01 Late 2022"]
[White "Curtis, John"]
[Black "Schrik, Rachid"]
[WhiteFideId "3200256"]
[BlackFideId "1009818"]
[WhiteElo "2203"]
[BlackElo "2098"]
[Result "0-1"]
[Round "03"]
[TimeControl "180+1"]
[Date "2022.11.02"]
[WhiteClock "0:00:01"]
[BlackClock "0:00:30"]

1. c4 e5 2. Nc3 Nf6 3. g3 Bb4 4. Bg2 Bxc3 5. dxc3 d6 6. Bg5 Nbd7 7. Nf3 h6 8. Bxf6 Nxf6 9. Nd2 O-O 10. O-O Rb8 11. e4 a6 12. Re1 b5 13. cxb5 axb5 14. a3 Be6 15. Nf1 Nd7 16. Ne3 Nc5 17. Qe2 Qc8 18. Rf1 Re8 19. Rfe1 Qb7 20. Nf5 Bxf5 21. exf5 d5 22. Rad1 c6 23. f6 gxf6 24. Qe3 Qe7 25. Qxh6 Ne6 26. Bh3 Ng7 27. f4 e4 28. f5 Qe5 29. Rf1 e3 30. Rf4 e2 31. Re1 c5 32. Rh4 Qe3+ 33. Kg2 Qxh6 0-1


[Site "https://www.chess.com"]

[Event "Titled Tuesday Blitz November 01 Late 2022"]
[White "D`Arruda, Ricardo D."]
[Black "Yi, Richard"]
[WhiteFideId "100692"]
[BlackFideId "2079518"]
[WhiteElo "2478"]
[BlackElo "2147"]
[Result "1-0"]
[Round "03"]
[TimeControl "180+1"]
[Date "2022.11.02"]
[WhiteClock "0:00:41"]
[BlackClock "0:00:09"]

1. d4 d5 2. Nf3 Nf6 3. c4 c6 4. e3 e6 5. Nc3 Nbd7 6. Bd3 Bd6 7. O-O O-O 8. e4 e5 9. cxd5 cxd5 10. Nxd5 exd4 11. Nxd4 Nxd5 12. exd5 Nb6 13. Nf5 Bxf5 14. Bxf5 Nxd5 15. g3 Be7 16. Be4 Nb4 17. Bxb7 Rb8 18. Be4 Qxd1 19. Rxd1 Bf6 20. a3 Na6 21. Rb1 Nc5 22. Bc2 Nb3 23. Be3 a5 24. a4 Rfc8 25. Bf5 Rc6 26. Bd7 Rc2 27. Bb5 h5 28. Rd3 Nc5 29. Rd2 Rxd2 30. Bxd2 Nb3 31. Be3 Rc8 32. Rd1 Rc2 33. Rd5 h4 34. gxh4 Bxh4 35. Bd3 Rxb2 36. Rb5 Bf6 37. Rb8+ Bd8 38. Rxd8# 1-0


[Site "https://www.chess.com"]

[Event "Titled Tuesday Blitz November 01 Late 2022"]
[White "Daeschler, Florian"]
[Black "Zanette, Edgard Vinicius"]
[WhiteFideId "20678193"]
[BlackFideId "2109263"]
[WhiteElo "2187"]
[BlackElo "2236"]
[Result "1-0"]
[Round "03"]
[TimeControl "180+1"]
[Date "2022.11.02"]
[WhiteClock "0:01:38"]
[BlackClock "0:00:24"]

1. f4 Nf6 2. Nf3 c5 3. g3 d6 4. Bg2 Nc6 5. O-O g6 6. d3 Bg7 7. e4 O-O 8. h3 e6 9. Be3 b6 10. Na3 Bb7 11. g4 d5 12. e5 Nd7 13. c4 d4 14. Bf2 a6 15. Nb1 b5 16. b3 bxc4 17. bxc4 Rb8 18. Nbd2 f6 19. exf6 Nxf6 20. Ng5 Qd7 21. Nge4 Nxe4 22. Nxe4 Qe7 23. Bg3 Rbe8 24. Rb1 Ba8 25. Qe1 Nb4 26. Qe2 Nc6 27. Rb6 Qc7 28. Rfb1 e5 29. f5 gxf5 30. gxf5 Rxf5 31. Nxc5 Rc8 32. Bd5+ Kh8 33. Ne4 Ne7 34. Bxa8 Rxa8 35. Rb7 Qd8 36. Qg4 Rf8 37. Ng5 Qc8 38. Rxe7 Qxg4 39. hxg4 Bf6 40. Rxh7+ Kg8 41. Rh5 Rab8 42. Rxb8 Rxb8 43. Ne4 Rb1+ 44. Kg2 Bg7 45. Bxe5 Rb2+ 46. Kf3 Rxa2 47. Rg5 1-0


[Site "https://www.chess.com"]

[Event "Titled Tuesday Blitz November 01 Late 2022"]
[White "Dahlgren, James Allen"]
[Black "Tanenbaum, Zachary"]
[WhiteFideId "22256873"]
[BlackFideId "2060850"]
[WhiteElo "2217"]
[BlackElo "2175"]
[Result "0-1"]
[Round "03"]
[TimeControl "180+1"]
[Date "2022.11.02"]
[WhiteClock "0:01:48"]
[BlackClock "0:01:10"]

1. e4 e5 2. Nc3 Nc6 3. f4 exf4 4. Nf3 g5 5. d4 Bg7 6. Bc4 d6 7. O-O g4 8. Bxf4 gxf3 9. Qe1 Nxd4 10. gxf3 Nxc2 11. Qg3 Bd4+ 12. Kh1 Nxa1 13. Rxa1 Be6 14. Nd5 Ne7 15. Rd1 Bxd5 16. exd5 Rg8 17. Qh4 Be5 18. Bxe5 dxe5 19. Qxh7 Qd6 20. Bb5+ c6 21. Ba4 O-O-O 22. Qxf7 Rdf8 23. Qh5 Nxd5 0-1


[Site "https://www.chess.com"]

[Event "Titled Tuesday Blitz November 01 Late 2022"]
[White "Danielyan, Vahe"]
[Black "Garagulya, Konstantin"]
[WhiteFideId "13304828"]
[BlackFideId "4128931"]
[WhiteElo "2421"]
[BlackElo "2329"]
[Result "1-0"]
[Round "03"]
[TimeControl "180+1"]
[Date "2022.11.02"]
[WhiteClock "0:00:47"]
[BlackClock "0:00:06"]

1. e4 c5 2. g3 a6 3. Bg2 b5 4. Ne2 Bb7 5. O-O e6 6. d4 cxd4 7. Nxd4 Nc6 8. Nxc6 Bxc6 9. Re1 Ne7 10. Nc3 Ng6 11. h4 h5 12. a4 bxa4 13. Nxa4 Be7 14. Be3 Rb8 15. b3 d6 16. Nb2 Bb7 17. Nc4 Qc7 18. Nb6 Ne5 19. Bd4 Bf6 20. Na4 Ng4 21. Bxf6 Nxf6 22. c4 O-O 23. Ra2 Rfd8 24. Rd2 Bc6 25. Nc3 a5 26. Bf3 g6 27. Kg2 Ne8 28. Re3 Qb7 29. Ne2 Qb4 30. Nd4 Bd7 31. Nc2 Qc5 32. Red3 a4 33. bxa4 Bxa4 34. Qa1 Bc6 35. Nd4 Bd7 36. Ne2 Qxc4 37. Nf4 Ra8 38. Qd1 Ra2 39. Rxa2 Qxa2 40. Bxh5 gxh5 41. Nxh5 Qb2 42. Qg4+ Kf8 43. Rf3 Bc6 44. Qxe6 Rd7 45. Qh6+ Ke7 46. Qg5+ Kf8 47. Rf4 Qe5 48. Qh6+ Ke7 49. f3 Kd8 50. Rf5 Qe6 51. Qf8 Kc7 52. Nf4 Qa2+ 53. Kh3 Qa1 54. Qxe8 Qh1+ 55. Kg4 f6 56. Ne6+ Kb6 57. Qb8+ Rb7 58. Qxd6 1-0


[Site "https://www.chess.com"]

[Event "Titled Tuesday Blitz November 01 Late 2022"]
[White "Darini, Pouria"]
[Black "Hajiyev, Kanan"]
[WhiteFideId "12502200"]
[BlackFideId "13404148"]
[WhiteElo "2483"]
[BlackElo "2118"]
[Result "1-0"]
[Round "03"]
[TimeControl "180+1"]
[Date "2022.11.02"]
[WhiteClock "0:00:14"]
[BlackClock "0:00:16"]

1. Nf3 d5 2. d4 c5 3. c3 cxd4 4. cxd4 Nc6 5. Nc3 Nf6 6. Bf4 g6 7. e3 Bg7 8. h3 O-O 9. Bd3 Nd7 10. O-O e5 11. dxe5 Ndxe5 12. Nxe5 Nxe5 13. Be2 Be6 14. Rc1 a6 15. Na4 Rc8 16. Nc5 Qb6 17. Nxe6 fxe6 18. b3 a5 19. Bg4 Rxc1 20. Qxc1 Nxg4 21. hxg4 e5 22. Bg3 d4 23. Qc4+ Kh8 24. e4 h6 25. Rc1 Rf6 26. Bxe5 Rc6 27. Bxg7+ Kxg7 28. Qf1 a4 29. bxa4 Qb4 30. Rb1 Qe7 31. Qd3 Qd7 32. g3 Rc3 33. Qb5 Rc7 34. Qe5+ Kh7 35. Rd1 d3 36. Kg2 d2 37. Rxd2 Qf7 38. Qd5 Qe7 39. e5 h5 40. Qd6 hxg4 41. Rd4 Kh6 42. Rxg4 Qf7 43. e6 Qe7 44. Rh4+ Kg7 45. Qd4+ 1-0


[Site "https://www.chess.com"]

[Event "Titled Tuesday Blitz November 01 Late 2022"]
[White "Deac, Bogdan-Daniel"]
[Black "Yanchenko, Roman"]
[WhiteFideId "1226380"]
[BlackFideId "4137329"]
[WhiteElo "2997"]
[BlackElo "2786"]
[Result "1-0"]
[Round "03"]
[TimeControl "180+1"]
[Date "2022.11.01"]
[WhiteClock "0:00:03"]
[BlackClock "0:01:06"]

1. d4 d5 2. Nf3 Bf5 3. c4 c6 4. Nc3 e6 5. Qb3 Qb6 6. c5 Qc7 7. Bf4 Qc8 8. Nh4 Bg6 9. Nxg6 hxg6 10. e4 Nd7 11. exd5 exd5 12. O-O-O Be7 13. Bd3 b6 14. cxb6 axb6 15. Rhe1 Kf8 16. Kb1 b5 17. Rc1 Qd8 18. Nxd5 cxd5 19. Bc7 Qe8 20. Bxb5 Ngf6 21. Bd6 Bxd6 22. Rxe8+ Rxe8 23. Bxd7 Nxd7 24. Qxd5 Bf4 25. Qxd7 Bxc1 26. Kxc1 Rh5 27. a4 Re2 28. Kd1 Re7 29. Qd8+ Re8 30. Qd6+ Kg8 31. b4 Re6 32. Qb8+ Kh7 33. Kd2 Rd5 34. Kd3 Re1 35. Qf4 Rd1+ 36. Kc4 Rf5 37. Qe3 Ra1 38. a5 Rf6 39. d5 Ra2 40. Kb5 Rfxf2 41. Qh3+ Kg8 42. a6 Rfd2 43. Qc8+ Kh7 44. Qc5 Ra1 45. d6 f5 46. Kb6 Rad1 47. Kc7 Rxg2 48. a7 Ra2 49. b5 f4 50. d7 f3 51. d8=Q Rxd8 52. Kxd8 f2 53. Qf8 Rd2+ 54. Kc7 Rd1 55. Qxf2 Rc1+ 56. Kb6 Rc2 57. Qxc2 1-0


[Site "https://www.chess.com"]

[Event "Titled Tuesday Blitz November 01 Late 2022"]
[White "Dehtiarov, Roman"]
[Black "Girsh, Daniel"]
[WhiteFideId "14186640"]
[BlackFideId "30949190"]
[WhiteElo "2200"]
[BlackElo "2075"]
[Result "1-0"]
[Round "03"]
[TimeControl "180+1"]
[Date "2022.11.02"]
[WhiteClock "0:02:36"]
[BlackClock "0:01:27"]

1. e4 c5 2. Nc3 d6 3. f4 Nc6 4. Nf3 g6 5. Bb5 Bg7 6. Bxc6+ bxc6 7. O-O Nf6 8. Qe1 O-O 9. d3 Rb8 10. b3 Nd7 11. Bd2 e6 12. Rd1 d5 13. Na4 Ba6 14. c4 d4 15. Ba5 Qe7 16. e5 Nb6 17. Nxc5 Nxc4 18. Nxa6 Ne3 19. Nxb8 Rxb8 20. Bd2 Nxf1 21. Qxf1 c5 22. Rc1 Bf8 23. Rc4 Qb7 24. Qc1 Qd5 25. Ng5 Be7 26. Ne4 Rb5 27. b4 cxb4 28. Rc8+ Kg7 29. f5 gxf5 30. Bh6+ Kg6 31. Rg8+ Kh5 32. Ng3+ Kh4 33. Qf4# 1-0


[Site "https://www.chess.com"]

[Event "Titled Tuesday Blitz November 01 Late 2022"]
[White "Di Nicolantonio, Lucas"]
[Black "Szente Varga, Fruzsina"]
[WhiteFideId "680460"]
[BlackFideId "712264"]
[WhiteElo "2381"]
[BlackElo "1994"]
[Result "1-0"]
[Round "03"]
[TimeControl "180+1"]
[Date "2022.11.02"]
[WhiteClock "0:00:27"]
[BlackClock "0:00:09"]

1. f4 d5 2. Nf3 Nf6 3. g3 e6 4. Bg2 Bd6 5. d3 c5 6. O-O Nc6 7. e4 dxe4 8. dxe4 Nxe4 9. Ne5 Bxe5 10. Qxd8+ Nxd8 11. fxe5 f5 12. exf6 Nxf6 13. Bf4 Nf7 14. Nc3 O-O 15. Nb5 e5 16. Be3 Nd7 17. Bd5 a6 18. Nd6 Nf6 19. Bxf7+ Rxf7 20. Nxf7 Kxf7 21. Bxc5 Bh3 22. Rfd1 Rc8 23. b4 Ne4 24. Rd5 Ng5 25. Kf2 b6 26. Bxb6 Rxc2+ 27. Ke3 Rxh2 28. Rxe5 h6 29. Rc1 Bg4 30. Rf1+ Kg6 31. Rf2 Rh1 32. Ra5 Re1+ 33. Kd2 Rd1+ 34. Kc2 Rd6 35. Bc5 Rc6 36. Rf4 Bf5+ 37. Kb2 h5 38. Be7 Ne4 39. Rfxf5 Kh6 40. Rxh5+ Kg6 41. Rhe5 Nd2 42. Rec5 Nc4+ 43. Rxc4 Rxc4 44. Rxa6+ Kf5 45. Bc5 g5 46. a4 g4 47. Ra8 Ke4 48. Rd8 Kf3 49. Rd3+ Kg2 50. a5 Re4 51. a6 Re2+ 52. Kc3 Rf2 53. Rd2 Rxd2 54. Kxd2 Kxg3 55. a7 Kf3 56. a8=Q+ 1-0


[Site "https://www.chess.com"]

[Event "Titled Tuesday Blitz November 01 Late 2022"]
[White "Dilanyan, Grigor"]
[Black "Olenik Campa, Rudi"]
[WhiteFideId "13303570"]
[BlackFideId "14633264"]
[WhiteElo "2264"]
[BlackElo "2051"]
[Result "1-0"]
[Round "03"]
[TimeControl "180+1"]
[Date "2022.11.02"]
[WhiteClock "0:00:57"]
[BlackClock "0:00:01"]

1. e4 c5 2. Nf3 Nc6 3. Bb5 g6 4. O-O Bg7 5. Re1 e5 6. a3 Nge7 7. b4 d6 8. bxc5 dxc5 9. a4 O-O 10. Ba3 b6 11. Nc3 h6 12. h3 Be6 13. Nd5 a6 14. Nxe7+ Nxe7 15. Bf1 Nc6 16. Rb1 f5 17. exf5 gxf5 18. d3 Rf6 19. Bb2 Nd4 20. Nxe5 Bd5 21. c3 Ne6 22. c4 Bb7 23. a5 Nf4 24. axb6 Rd6 25. Bc1 Qg5 26. g3 Bxe5 27. Rxe5 Rd4 28. Bxf4 1-0


[Site "https://www.chess.com"]

[Event "Titled Tuesday Blitz November 01 Late 2022"]
[White "Djordjevic, Vuk"]
[Black "Bortnyk, Olexandr"]
[WhiteFideId "902098"]
[BlackFideId "14120828"]
[WhiteElo "2802"]
[BlackElo "3006"]
[Result "0-1"]
[Round "03"]
[TimeControl "180+1"]
[Date "2022.11.01"]
[WhiteClock "0:00:13"]
[BlackClock "0:02:10"]

1. d4 d6 2. Bg5 g6 3. e3 Bg7 4. c4 c5 5. Nf3 Qb6 6. Qb3 Nc6 7. Nc3 cxd4 8. Nd5 Qa5+ 9. Nd2 e6 10. Bf4 exd5 11. cxd5 dxe3 12. fxe3 Ne5 13. Bb5+ Kf8 14. Rc1 Nf6 15. O-O Qxd2 16. Bxe5 dxe5 17. Qa3+ Kg8 18. Rfd1 Bf8 19. Qxf8+ Kxf8 20. Rxd2 Kg7 21. Rc7 Rd8 22. Bc4 Ne4 23. Rd1 Nd6 24. Bb3 Bg4 25. Rf1 Rac8 26. Re7 Re8 27. Rxe8 Rxe8 28. h3 Bd7 0-1


[Site "https://www.chess.com"]

[Event "Titled Tuesday Blitz November 01 Late 2022"]
[White "Ekdyshman, Mikhail"]
[Black "Li, Ben"]
[WhiteFideId "4149416"]
[BlackFideId "2089980"]
[WhiteElo "2164"]
[BlackElo "2267"]
[Result "0-1"]
[Round "03"]
[TimeControl "180+1"]
[Date "2022.11.02"]
[WhiteClock "0:00:01"]
[BlackClock "0:00:03"]

1. e4 e5 2. Nf3 Nf6 3. Nc3 Nc6 4. d4 exd4 5. Nxd4 Bb4 6. Nxc6 bxc6 7. Bd3 d5 8. exd5 cxd5 9. O-O O-O 10. h3 c6 11. Qf3 h6 12. Ne2 Bd6 13. Nd4 Bd7 14. Nf5 Bxf5 15. Qxf5 Re8 16. Bd2 Be5 17. Rab1 Rb8 18. b4 Qd6 19. Rfe1 Rbd8 20. a4 Ne4 21. Bxe4 dxe4 22. Be3 g6 23. Qg4 f5 24. Qe2 f4 25. Bxa7 e3 26. fxe3 fxe3 27. Bxe3 Kh7 28. Qc4 Rd7 29. Bc5 Bh2+ 30. Kh1 Rxe1+ 31. Rxe1 Qg3 32. Rf1 Qc7 33. a5 Be5 34. a6 Qd8 35. a7 Rd1 36. Qf7+ Bg7 37. Rxd1 Qxd1+ 38. Kh2 Qa1 39. Bd6 Qa6 0-1


[Site "https://www.chess.com"]

[Event "Titled Tuesday Blitz November 01 Late 2022"]
[White "Eljanov, Pavel"]
[Black "Barria Zuniga, Daniel"]
[WhiteFideId "14102951"]
[BlackFideId "3400816"]
[WhiteElo "2601"]
[BlackElo "2414"]
[Result "1-0"]
[Round "03"]
[TimeControl "180+1"]
[Date "2022.11.02"]
[WhiteClock "0:00:13"]
[BlackClock "0:00:07"]

1. e4 c5 2. Nf3 Nc6 3. Bb5 Na5 4. O-O a6 5. Be2 b5 6. d4 cxd4 7. Nxd4 Bb7 8. Bd3 e6 9. Qe2 Ne7 10. c3 Ng6 11. f4 Be7 12. Nd2 O-O 13. N2f3 Qc7 14. g3 Rae8 15. h4 f5 16. exf5 exf5 17. h5 Nh8 18. Re1 g6 19. b4 Nc4 20. Bxc4+ bxc4 21. Bd2 Nf7 22. Qh2 Kg7 23. Kf2 Nh6 24. Ne5 Bf6 25. Qh3 Bxe5 26. fxe5 Ng4+ 27. Kg1 Nxe5 28. hxg6 hxg6 29. Bh6+ Kf6 30. Qh4+ Kf7 31. Bxf8 Kxf8 32. Qf6+ Kg8 33. Re3 d6 34. Rd1 Qe7 35. Qxe7 Rxe7 36. Kf1 Kf7 37. Ne2 Nd3 38. Rxe7+ Kxe7 39. Nf4 Nxf4 40. gxf4 Be4 41. Kf2 d5 42. Ke3 Kf6 43. Rg1 Kg7 44. a4 Kf6 45. b5 axb5 46. axb5 1-0


[Site "https://www.chess.com"]